 Dungeon Crawl Stone Soup version 0.18-a0-1071-g9f02aef (console) character file.

1283 FIQ the Basher (level 8, 0/87 HPs)
             Began as an Ogre Berserker on Jan 14, 2016.
             Was an Elder of Trog.
             Succumbed to Yendor's ghost's sting
             ... on level 5 of the Dungeon.
             The game lasted 00:09:01 (5408 turns).

FIQ the Basher (Ogre Berserker)                     Turns: 5408, Time: 00:09:01

Health: 0/87       AC:  8    Str: 21    XL:     8   Next: 55%
Magic:  8/8        EV: 11    Int:  6    God:    Trog [****..]
Gold:   316        SH:  0    Dex: 11    Spells: 0 memorised, 7 levels left

rFire  . . .     SeeInvis .     u - +6 flail (protect)
rCold  . . .     Gourm    .     b - +0 animal skin
rNeg   . . .     Faith    .     (no shield)
rPois  .         Spirit   .     (helmet restricted)
rElec  .         Dismiss  .     (no cloak)
rCorr  .         Reflect  .     (gloves unavailable)
SustAt .         Harm     .     (boots unavailable)
MR     .....     Rnd*Tele +     (no amulet)
Stlth  +.........               (no ring)
                                p - ring of teleportation (curse)

@: confused, lethally poisoned (0 -> -5), flying (expiring), not resistant to
hostile enchantments, very unstealthy
A: unfitting armour, deterioration 1, tough skin 1, weak 1, sturdy frame 1
a: Berserk, Trog's Hand, Brothers in Arms, Burn Spellbooks, Renounce Religion,
Evoke Teleportation


You were on level 5 of the Dungeon.
You worshipped Trog.
Trog was greatly pleased with you.
You were very hungry.

You visited 1 branch of the dungeon, and saw 5 of its levels.

You collected 316 gold pieces.

Inventory:

Hand Weapons
 u - a +6 flail of protection (weapon)
Armour
 b - a +0 animal skin (worn)
Jewellery
 p - a cursed ring of teleportation (left hand)
Scrolls
 d - 2 scrolls of enchant weapon {unknown}
 g - a scroll of fog {unknown}
 i - 2 scrolls of remove curse {unknown}
 l - a scroll of random uselessness {unknown}
 m - 4 scrolls of identify {unknown}
 o - 3 scrolls of enchant armour {unknown}
 r - a scroll of teleportation {unknown}
Potions
 a - a potion of might
 h - a potion of flight
 n - a potion of cure mutation {unknown}
 t - 3 potions of brilliance {unknown}
Comestibles
 c - 5 bread rations
 k - 4 meat rations
 q - 9 chunks of flesh


   Skills:
 + Level 7.1 Fighting
 * Level 9.3 Maces & Flails
 + Level 4.2 Throwing
 + Level 4.8 Dodging


You had 7 spell levels left.
You didn't know any spells.

Dungeon Overview and Level Annotations

Branches:
Dungeon (5/15)             Temple (0/1) D:4

Altars:
Cheibriados
Kikubaaqudgha
Nemelex Xobeh
Pakellas
Xom
Zin
The Shining One

Shops:
D:4 *

Annotations:
D:5 Yendor's ghost, novice OpVM


Innate Abilities, Weirdness & Mutations

You are too large for most types of armour.
You have tough skin (AC +1).
Your body sometimes deteriorates upon taking damage.
You are weak. (Str -2)
Your movements are slightly less encumbered by armour (ER -2).


Message History

Yendor's ghost hits you but does no damage.
You are very lightly contaminated with residual magic.
Drink which item? (? for menu, Esc to quit)
It was a potion of flight.
You feel very buoyant.
You fly up into the air.
You feel less exhausted.
* * * LOW HITPOINT WARNING * * *
You feel sick.
Yendor's ghost stares at you and mumbles some strange words.
The ball explodes into a vile cloud!
The stinking cloud engulfs you!
The stinking cloud engulfs Yendor's ghost.
Drink which item? (? for menu, Esc to quit)
It was a potion of cancellation.
Your magical effects are unravelling.
Your magical contamination has completely faded away.
You feel magically purged.
You choke on the stench!
You are more confused.
You flicker back into view.
You die...

########
##############......# ##
#..........@W.......#### #.
.#####..####.####..##.# #.
#..##.ยงยง..##..##.####' #
#.W#.......#.....##...
....#..#.......#.###.##...
....>......._..............
.....#..#.......#.###......
.....##.#.......#.# ####...
.(.. <.##.....##.# #[.. ...
#..####.####. #... [.. #...
... ######.##


You could see Yendor's ghost (wandering).

Vanquished Creatures
  The ghost of FIQ the Cudgeler, an amateur OgBe of Trog (D:3)
  Edmund (D:5)
  Duvessa (D:4)
  A water moccasin (D:5)
  2 ogres (D:5)
  A phantom (D:4)
  Dowan (D:4)
  A scorpion (D:5)
  A crimson imp (D:4)
  A hound (D:4)
  An orc wizard (D:4)
  A centaur skeleton (D:4)
  Jessica (D:2)
  An iguana (D:5)
  Terence (D:3)
  A hound skeleton (D:4)
  4 gnolls
  7 adders
  4 worms
  4 giant geckos
  13 orcs
  2 ball pythons (D:3)
  8 giant cockroaches
  10 goblins
  8 hobgoblins
  11 jackals
  4 quokkas
  A ball python skeleton (D:5)
  6 bats
  4 giant newts
  7 kobolds
  11 rats
  A fungus (D:4)
122 creatures vanquished.

Notes
Turn   | Place    | Note
--------------------------------------------------------------
     0 | D:1      | FIQ the Ogre Berserker began the quest for the Orb.
     0 | D:1      | Reached XP level 1. HP: 24/24 MP: 1/1
   230 | D:1      | Reached XP level 2. HP: 26/32 MP: 2/2
   513 | D:1      | Reached XP level 3. HP: 19/40 MP: 3/3
   971 | D:1      | Reached ** piety under Trog
   971 | D:1      | Reached skill level 1 in Throwing
  1448 | D:2      | Reached XP level 4. HP: 35/49 MP: 4/4
  1470 | D:2      | Reached skill level 5 in Maces & Flails
  1877 | D:2      | Found an oddly glowing altar of Pakellas.
  2241 | D:2      | Noticed Jessica
  2251 | D:2      | Killed Jessica
  2251 | D:2      | Reached skill level 5 in Fighting
  2251 | D:2      | Reached XP level 5. HP: 42/57 MP: 5/5
  2691 | D:2      | Found a sparkling altar of Nemelex Xobeh.
  2845 | D:3      | Noticed Terence
  2861 | D:3      | Killed Terence
  3179 | D:3      | Reached *** piety under Trog
  3233 | D:3      | Found an ancient bone altar of Kikubaaqudgha.
  3235 | D:3      | Found an oddly glowing altar of Pakellas.
  3264 | D:3      | Noticed FIQ's ghost (amateur OgBe)
  3278 | D:3      | Killed FIQ's ghost
  3278 | D:3      | Reached skill level 6 in Maces & Flails
  3278 | D:3      | Reached XP level 6. HP: 25/67 MP: 6/6
  3544 | D:3      | Found a glowing golden altar of the Shining One.
  3609 | D:3      | Found a sparkling altar of Nemelex Xobeh.
  4127 | D:4      | Noticed a phantom
  4226 | D:4      | Reached skill level 7 in Maces & Flails
  4235 | D:4      | Killed a phantom
  4235 | D:4      | Reached XP level 7. HP: 32/74 MP: 7/7
  4435 | D:4      | Found a staircase to the Ecumenical Temple.
  4652 | D:4      | Found Zin's Purification Station.
  4657 | D:4      | Found a glowing silver altar of Zin.
  4727 | D:4      | Noticed Duvessa
  4728 | D:4      | Noticed Dowan
  4736 | D:4      | Killed Duvessa
  4738 | D:4      | Killed Dowan
  4738 | D:4      | Reached skill level 8 in Maces & Flails
  4771 | D:4      | Reached **** piety under Trog
  5008 | D:4      | Found a shimmering altar of Xom.
  5057 | D:5      | Entered Level 5 of the Dungeon
  5094 | D:5      | Reached XP level 8. HP: 84/84 MP: 8/8
  5279 | D:5      | Reached skill level 9 in Maces & Flails
  5285 | D:5      | Received a gift from Trog
  5353 | D:5      | Noticed Edmund
  5354 | D:5      | Found a snail-covered altar of Cheibriados.
  5368 | D:5      | Killed Edmund
  5377 | D:5      | Noticed Yendor's ghost (novice OpVM)
  5405 | D:5      | Gained mutation: Your body sometimes deteriorates upon taking damage. [potion of mutation]
  5405 | D:5      | Gained mutation: You are weak. (Str -2) [potion of mutation]
  5405 | D:5      | Gained mutation: Your movements are slightly less encumbered by armour (ER -2). [potion of mutation]
  5405 | D:5      | HP: 3/87 [Yendor's ghost] (2)]
  5407 | D:5      | HP: 1/87 [poisoned by Yendor's ghost (sting)]
  5408 | D:5      | Succumbed to Yendor's ghost's sting

Vault maps used:
D:1:      lightli_arrival_maybe_door_vault, serial_bayou_ford_a,
          kennysheep_flooded_box, grunt_decor_mini_mirrors,
          minmay_misc_feat_cross
D:2:      lemuel_coloured_pillars_altar, grunt_pakellas_sulfur, uniq_jessica
D:3:      tso_metal_star, gammafunk_temple_overflow_wave, first_bread,
          serial_bayou_pond_c, nemelex_diamond_rough_becter, uniq_terence
D:4:      led_xom_imps, zin_purify, minmay_temple_entry_mist,
          minmay_gold_behind_fungi, uniq_duvessa
D:5:      bloody_trog, old_standard_altar, uniq_edmund

Action                   |  1- 3 |  4- 6 |  7- 9 || total
-------------------------+-------+-------+-------++-------
Melee: Mace              |   114 |   219 |    35 ||   368
       Flail             |       |       |    66 ||    66
Invok: Berserk           |     1 |     4 |     4 ||     9
  Use: Potion            |       |       |     4 ||     4
 Stab: Sleeping          |       |     2 |       ||     2
  Eat: Chunk             |     3 |    13 |     5 ||    21
       Pizza             |       |       |     1 ||     1
